[Event "EU-ch 12th"]
[Site "Aix les Bains"]
[Date "2011.03.22"]
[Round "1"]
[White "Fejzullahu, Afrim"]
[Black "Feller, Sebastien"]
[Result "0-1"]
[ECO "A31"]
[WhiteElo "2341"]
[BlackElo "2657"]
[Annotator "Marchand,A/Primel,D"]
[PlyCount "157"]
[EventDate "2011.03.22"]
[EventType "swiss"]
[EventRounds "11"]
[EventCountry "FRA"]
[SourceTitle "CBM 142 Extra"]
[Source "ChessBase"]
[SourceDate "2011.06.27"]
[SourceVersion "1"]
[SourceVersionDate "2011.06.27"]
[SourceQuality "1"]
[TimeControl "40/5400+30:1800+30"]

1. e4 c5 2. Nf3 e6 3. d4 cxd4 4. Nxd4 a6 5. c4 Nf6 6. Nc3 d6 7. Be3 b6 {
La partie porte le code ECO d'une anglaise mais elle est issue d'une Kan} 8.
Be2 Bb7 9. f3 Be7 10. O-O O-O 11. Qd2 Nbd7 12. Rfd1 (12. a4 $142 Qc7 13. a5 bxa5 14. Nb3 $36 {Gustafsson,J (2611)-Balogh,C (2513) HUN-GER m
Budapest 2004 (5) 1-0}) 12... Rc8 (12... Re8 13. Bf1 Bf8 14. Rac1 Qc7 15. b4
Rac8 16. a3 Qb8 $1 {Gligoric} (16... Ne5 $143 17. Na4 (17. h3 Nxc4 $2 18. Bxc4
Qxc4 19. Nd5)) 17. Nb3 h6 18. Qf2 Bc6 19. h3 Be7 20. Rb1 $14 {[%cal Gd1c1,
Ga3a4] ;Polugaevsky,L (2635)-Ljubojevic,L (2590)/Bugojno 1980 (5)/ 1-0}) (12...
Qc7 {La grande ligne mais c'est probablement une simple interversion de coups})
13. Rac1 (13. Bf1 {Plus souple} Qc7 14. Rac1 (14. a4 $5 $146 {Une nouveauté
dans cet ordre de coups mais le thème est connu dans cette structure de P. Il
semble néanmoins plus logique de jouer ce plan au 12ème coup de manière а
garder en réserve l'hypothèse du coup Rfc1 au lieu de Rfd1} Rfe8 (14... Ne5 15.
b3) 15. a5 bxa5 16. Nb3 $14 ) 14... Rfe8) (13. Kh1 Qc7 14. Rac1
Qb8) 13... Qc7 14. Qe1 $6 {Perd un tempo} (14. Bf1 $142 Qb8 15. Qf2 (15. a3 Rfe8 16. b4 Bd8 17. Kh1 (17. Nb3) 17... Bc7 18. Bg1 d5 $1 {[%csl Rc1][%cal Gc7f4] Le plan a4a5 laissant la R sur sa
case d'origine aurait également pour mérite d'éviter ce thème tactique!} 19.
cxd5 Bf4 20. Be3 Bxe3 21. Qxe3 exd5 $36 {[%cal Ge8e3];Sheremetieva,M (2285)
-Chiburdanidze,M (2505) Moscow ol (Women) 1994 (8) 0-1}) 15... Rfe8 16. Kh1 Bd8 ) 14... Qb8 15. Qf2 Rfe8 (15... Kh8 ) 16. Bf1 (16. b3) (16. Nc2) 16... Bd8 {Le thème classique pour
venir faire pression sur la diagonale "b8h2"} 17. g3 {[%csl Gb7,Rf3] Ferme la
diagonale du futur Bc7 mais ...ouvre celle du Bb7!} ({RR} 17. Rc2 Bc7 18. g3
Bd8 19. b3 h6 20. g4 Ne5 21. h3 Ng6 22. Bc1 Nd7 23. Bg2 b5 24. cxb5 axb5 25.
Ndxb5 d5 26. Be3 Bh4 27. Qf1 Ba6 28. a4 Nf6 29. Rdc1 Nf4 30. Ba7 Qe5 31. Bd4
Qg5 {Azmaiparashvili,Z (2655)-Kasparov,G (2805)/London 1993/ EXT 2002/0-1 (39)}
) (17. Kh1 Bc7) 17... Bc7 18. b3 Ne5 (18... h5 $5) 19. h3 $6 $146 ({RR} 19. Bh3 h6 20. a4 Rcd8 21. Bg2 d5 22. cxd5 exd5 23. Nxd5 Bxd5 24. exd5
Nxd5 25. Nf5 Nb4 26. Rxd8 Bxd8 27. Qd2 Nbd3 28. Rd1 Nc5 29. f4 Ng4 30. Bxc5
bxc5 31. Bd5 c4 32. Bxc4 Bb6+ 33. Kg2 Rd8 {Ji Dan (2342)-Li Shilong (2557)/
Xinghua Jiangsu 2009/CBM 131/0-1 (51)}) 19... Ba8 20. a4
$2 {[%csl Rb4] Les Blancs commencent а accumuler les petits affaiblissements
et face а un fort GMI, c'est trés dangereux} (20. g4 g6 (20...
h6 21. h4 ) 21. Bg2) 20... Ned7 $1 21. g4 (21. Nde2)
(21. Bg2 d5 ) 21... Nc5 22. Rb1 {Les Blancs devaient déjà avoir
regretté la poussée a2a4} d5 $1 {[%csl Gb8,Gc7,Rf4,Rg3] Le ressort se détend
et les Noirs sont déjà nettement mieux} 23. b4 Ncd7 24. g5 Nh5 $36 25. cxd5 exd5 26. Nf5 Bf4 (26... Ng3 27. Nxd5 Nxf5 28. exf5
Bg3 $44 ) 27. Nxd5 Bxd5 28. Rxd5 Ne5 29. Rbd1 Rc3 $1 30. Bg2 (30. Rxe5 $5 {Peut-être un moindre mal mais la position Blanche
ne parait pas trés saine} Bxe5 (30... Qxe5 31. Bd4) 31. Rd7) 30... Bxe3 $132 31. Nxe3 Nf4 32. Bf1 (32. b5 $5 Nxd5 33. Nxd5) 32...
Nxd5 33. Rxd5 Ng6 34. Nf5 Ne7 (34... Qc7) 35. Qd4 (
35. Nxe7+ Rxe7 36. Bxa6 Qc7 $17) 35... Nxf5 36. Qxc3 Qg3+ {Exploitant а
nouveau les affaiblissements des cases noires} 37. Kh1 Nh4 38. Rd3 Qf2 39. Qc1
Nxf3 40. Bg2 Nh4 41. Qf1 Qb2 42. Rd7 {Premier coup actif des Blancs!} Rf8 43.
b5 axb5 44. axb5 Nxg2 {Une bonne décision pratique des Noirs qui vont
valoriser le P passé "b"} 45. Qxg2 Qxb5 {Il n'y a qu'un P de plus mais la
structure Blanche est en lambeaux et le K Blanc dans les courants d'air.} 46.
Qd2 Qb1+ 47. Kh2 Qxe4 48. Qd6 Qe2+ 49. Kg3 Qe3+ 50. Kg4 $2 f5+ $1 51. gxf6 Qe4+
52. Kg3 Qg6+ 53. Kh4 Qxf6+ $1 {[%cal Gf6h4,Gf6d6] Une belle réalisation
technique des Blancs} 54. Qxf6 Rxf6 55. Kg5 h6+ 56. Kh5 Rf5+ 57. Kg4 (57. Kg6
Rg5#) 57... Rf7 58. Rd8+ Rf8 59. Rd5 Rb8 60. Rb5 Kf7
61. h4 g6 62. h5 gxh5+ 63. Rxh5 Rg8+ $1 (63... b5 $2 64. Rxh6 b4 65. Kf3 b3 66.
Rh1 b2 67. Rb1 ) 64. Kf4 Rg6 65. Ke4 Rd6 66. Rb5 (
66. Ke5 Ke7 (66... Kg6 67. Rxh6+)) 66... Ke7 67. Rb1 Kd7 68. Ke5 Rc6 69. Kd4
Kc7 {Le K Blanc reste coupé et le second va filer а la promotion} 70. Rb5 Kb7
71. Rb1 h5 72. Rg1 Rh6 $19 73. Rh1 h4 74. Rh3 Rh5 75. Kc4 b5+ 76. Kb4 Kb6 77.
Kc3 Kc5 78. Kb3 Kd4 79. Rh1 0-1

[Event "Belgrade RAD 30"]
[Site "Belgrade"]
[Date "1977.01.17"]
[Round "3.4"]
[White "Matulovic, Milan"]
[Black "Andersson, Ulf"]
[Result "1-0"]
[ECO "A31"]
[WhiteElo "2510"]
[BlackElo "2565"]
[Annotator "Primel,D"]
[PlyCount "145"]
[EventDate "1977.01.15"]
[EventType "tourn"]
[EventRounds "13"]
[EventCountry "SRB"]
[EventCategory "9"]
[SourceTitle "EXT 2018"]
[Source "ChessBase"]
[SourceDate "2017.10.13"]
[SourceVersion "1"]
[SourceVersionDate "2017.10.13"]
[SourceQuality "1"]
[TimeControl "40/9000:16/5400:0"]

1. e4 c5 2. Nf3 d6 3. d4 cxd4 4. Nxd4 a6 {Une variante passive qui n'a pas
trés bonne réputation théorique} 5. c4 $1 g6 6. Nc3 Bg7 7. Be2 Nf6 8. O-O
O-O 9. Be3 b6 $146 (9... Nbd7 10. Qd2 Nc5 11. f3 Bd7 12. Rac1 Ne6 13. Rfd1 Rb8
14. Nb3 b6 15. f4 Bc6 16. Bf3 Nd7 17. Nd5 Ba4 18. Re1 Bxb3 19. axb3 Ndc5 20.
Qd1 Bxb2 21. Rb1 Bg7 22. f5 Nc7 23. Nf4 Nd7 24. g4 b5 25. cxb5 Nxb5 26. Rc1 Ne5
27. Be2 Qd7 28. Bc4 Nxc4 29. bxc4 Nc3 30. Qd3 Na2 31. Rb1 Nb4 32. Qe2 e6 33.
Red1 a5 34. c5 d5 35. exd5 exd5 36. Rxb4 axb4 37. Nxd5 b3 38. f6 b2 39. fxg7 {
Kozma,J (2375)-Peev,P (2430) Cienfuegos 1976 1/2-1/2}) 10. Qd2 Bb7 11. f3 Re8 (
11... Nbd7 12. Rac1 Re8 (12... Rc8)) 12. Rfd1 Nbd7 13. Nc2 $5 (13. Rac1 Rc8 14.
Bf1 $14) 13... Rc8 14. Rac1 Qc7 15. Bf1 (15. Nb4 $5 )
15... Qb8 16. Qf2 e6 {[%csl Gd5,Rd6] Surcontrôle la case "d5" mais au
détriment d'un affaiblissement du P "d6"} 17. Na4 (17. Bxb6 Nxb6 18. Qxb6 Bh6
19. Rb1 Bf8 $44) 17... d5 $5 18. exd5 exd5 19. Nxb6 Nxb6 20. Bxb6 dxc4 21. Re1
(21. Na3 ) 21... Rc6 22. Bd4 Rd8 23. Bc3 Nd5 24. Bxg7 Kxg7 25. Nd4
Rf6 {[%csl Rf6] Le sacrifice du P"d5" n'a rien donné et la Rf6 est mal placée
} 26. Bxc4 Nf4 27. Bf1 Rd5 $5 28. g3 Qd8 $5 29. Rc4
Rfd6 30. Nb3 (30. gxf4 Rxd4) 30... Ne6 31. Rc3 Rd1 32. Rc1 $1 Rxc1 33. Rxc1 Qf6
34. Bg2 h5 $44 35. h4 Bd5 36. Rd1 Qd8 37. Nc1 Bb7 38. Rxd6 Qxd6
39. Nb3 Qd1+ (39... Bd5 ) 40. Qf1 Qc2 (40... Qd5 41. f4) 41. Qc1
Qf5 42. Qc3+ Kg8 43. Kh2 g5 $6 {trop affaiblissant} 44. hxg5 Nxg5 45. Nd4 Qf6
46. Qe3 Bd5 47. f4 $1 Bxg2 48. Kxg2 (48. fxg5 Qf1 49. Qg1 Qxg1+ 50. Kxg1 Bd5) 48... Nh7 49. Qe5 Qb6 50. Nf5 $40 Nf6 51.
Ne3 (51. Kh3 Qg1 52. Kh4 $18 ) 51... Qc6+ 52. Kh2 Qb6 53. Kh3 Qc6
54. Kh2 Qb6 55. Kh3 Qc6 56. Kh4 Qh1+ 57. Kg5 $18 {[%csl Gg5] Non seulement le
K Blanc est à l'abri mais il participe à l'attaque} Nh7+ 58. Kh6 Qc6+ 59.
Kxh5 Nf6+ 60. Kg5 Nh7+ 61. Kh4 Nf6 62. f5 Kh7 63. Kg5 Ne4+ 64. Kf4 Nd2 65. Nd5
Qa4+ 66. b4 Qd1 67. Nf6+ Kh6 68. Ng4+ Kh7 69. Qe7 Qf1+ 70. Kg5 Qc4 71. Nf6+ Kg7
72. Nh5+ Kh7 73. Qb7 1-0

[Event "Sautron op 13th"]
[Site "Sautron"]
[Date "2013.11.01"]
[Round "8"]
[White "Koziak, Vitali"]
[Black "Riff, Jean Noel"]
[Result "0-1"]
[ECO "A31"]
[WhiteElo "2481"]
[BlackElo "2445"]
[Annotator "Primel,D"]
[PlyCount "118"]
[EventDate "2013.10.26"]
[EventType "swiss"]
[EventRounds "9"]
[EventCountry "FRA"]
[SourceTitle "EXT 2016"]
[Source "ChessBase"]
[SourceDate "2015.10.08"]
[SourceVersion "1"]
[SourceVersionDate "2015.10.08"]
[SourceQuality "1"]
[TimeControl "40/5400+30:1800+30"]
[WhiteClock "1:30:00"]
[BlackClock "1:30:00"]

1. Nf3 c5 2. c4 Nc6 3. d4 cxd4 4. Nxd4 Nf6 5. g3 (5. Nc3) 5... e5 (5... e6) 6. Nb5 (6. Nc2) 6... Bb4+ 7. N1c3 (7. Bd2 a6 8. N5c3 d5 9. cxd5 Nxd5 10. Bg2 Be6 11. O-O
Nb6 12. Be3 Nc4 13. Qc1 O-O 14. Rd1 Qc7 15. a3 Nxe3 16. Qxe3 Ba5 17. Nd2 Bb6
18. Qf3 Rad8 19. Na4 Ba7 20. Qc3 Rd4 21. Qc2 f5 22. e3 Rdd8 23. b4 e4 24. Nb3
Qf7 25. Nbc5 Bd5 26. Rd2 b6 27. Rxd5 Rxd5 28. Nxa6 Ne5 29. Rd1 Rfd8 30. Rxd5
Qxd5 31. Nb2 Qd2 32. Qc7 Ng4 {0-1 (32) Aronian,L (2815)-Nakamura,H (2760)
London 2012}) 7... d6 8. Bg2 a6 9. Na3 Bxc3+ 10. bxc3 O-O 11. O-O Qc7 $132 {[%emt 0:12:40][%csl
Ra3,Rc4] La paire de B ne compense pas forcément la mauvaise structure des
Blancs à l'aile-dame} 12. Bg5 $146 (12. Nc2 Be6 13. Ne3 e4
14. Ba3 Rfd8 15. Qc2 Ne5 16. Bxe4 Nxe4 17. Qxe4 Nxc4 18. Nxc4 Bxc4 19. Rfd1 d5
20. Qc2 Re8 21. e3 Re6 22. Rd2 Rae8 23. Rad1 Rb6 24. Qf5 Rf6 25. Qc2 Qc8 26.
Rd4 Rh6 27. e4 Rhe6 28. f3 h6 29. Bc1 dxe4 30. fxe4 Qc6 31. Bf4 Rxe4 32. Rxe4
Rxe4 33. Rd8+ Re8 34. Qd2 Qc5+ {0-1 (34) Kojima,S (2282)-Dominguez Perez,L 
(2725) Istanbul 2012}) 12... Nd7 13. Qd2 h6 $1 (13... Nc5 14. Rad1 Be6 (14... Ne6)) 14.
Be3 Ne7 15. Nc2 Nf5 (15... Qxc4 $143 16. Qxd6) 16. Nb4 Nf6 17. Nd5 $36 Nxd5 {
[%emt 0:00:16] Echange la seule pièce active des Blancs} 18. Bxd5 Be6 19. Rab1 Nxe3 20.
Qxe3 (20. Rxb7 Nxf1) 20... Bxd5 $1 21. cxd5 b5 $15 {[%emt 0:00:08][%csl Rc3][%cal Gf7f5] Non seulement,
les Blancs n'ont rien obtenu de la paire de B mais ils rentrent dans une
finale assez pénible à jouer.} 22. a4 $1 bxa4 23. Rb4 Qa5 24. Ra1 (24. Qe4 f5) 24... Qxd5 25. Rbxa4 a5 26. c4 Qc6 27. Rxa5 Rxa5 28. Rxa5 Qxc4
{[%emt 0:00:04] Difficile pour les Noirs de valoriser le P avec si peu de
pièces} 29. Qd3 $6 {[%emt 0:03:52] Non seulement, les Blancs auront une
faiblesse supplémentaire mais il y avait probablement plus de chances
d'annuler en gardant les Q} Qxd3 30. exd3 Rd8
$15 31. Kg2 Kf8 32. d4 exd4 33. Rd5 Ke7 34. Rxd4 Ke6 35. Re4+ Kd7 36. h4 Re8 37. Rg4 g6 38. Rf4 (38. h5 $5 g5 39.
Ra4 ) 38... Ke7 $1 39. Re4+ Kf8 40. Ra4 Kg7 41. Rd4 Re6 42. Kf3 {
[%emt 0:04:42][%csl Re6] La Re6 est assez mal placée et les Blancs ont encore
des chances de nulle} Kf6 {[%emt 0:00:20][%cal Gf6e7] Première étape du plan
Noir: libérer la Re6 de la défense du Pd6} 43. Rd5 Ke7 44. Ra5 Re5 45. Ra7+ Ke6 $17 {[%emt 0:00:41] Les Noirs commencent à
progresser} 46. Ra6 h5 47. Kf4 f6 48. Ra8 g5+ $1 49. hxg5 fxg5+ 50. Kf3 d5 51. Ra6+ Kf5 {
[%emt 0:00:22][%csl Gd5,Rf3,Gf5,Gh5] Les noirs ont maintenant d'excellentes
chances de gain} 52. Ra4 Re4 53. Ra8 Ke5 54. Rh8 Kd4 $1 55. Rxh5 g4+ 56. Kg2 Kc4 $19 {[%emt 0:00:04][%csl Rg2][%cal Gd5d1] Le K Blanc est coupé} 57. Rh8 d4 58. Rc8+ Kd3 59. Rd8 $2 Ke2 0-1